| TOP OF THE 1ST |
|
University of California Golden Bears batting - Pitching for University of Michigan Wolverines : LHP Justin Devine
|
|
Pitching: LHP Justin Devine
|
|
|
Batting: LHB Luis Orellana
|
0-0: Called Strike 0-1: Called Strike 0-2: Foul Ball, location: 2F 0-2: Ball 1-2: Ball 2-2: Ground out 1-3 (Groundball, 34S, EV 75.6 MPH)
|
|
Batting: LHB Mario Molina
|
0-0: Called Strike 0-1: Ball 1-1: Fly out, F7 (Flyball, 7LS, EV 94.4 MPH)
|
|
Batting: RHB Nate Mahon
|
0-0: Ball 1-0: Ball 2-0: Called Strike 2-1: Single, Error in OF, E8, batter to second base (Line Drive, 8RS, EV 105.6 MPH)
|
|
Batting: LHB Carlos Gaona
|
0-0: Foul Ball, location: 2F 0-1: Ball 1-1: Foul Ball, location: 2F 1-2: Ball 2-2: Foul Ball, location: 2F 2-2: Strikes out looking
|
| Top of the 1st over - 0 runs, 1 hit, 1 error, 1 left on base; University of California 0 - University of Michigan 0 |
| BOTTOM OF THE 1ST |
|
University of Michigan Wolverines batting - Pitching for University of California Golden Bears : RHP Frank Salinas
|
|
Pitching: RHP Frank Salinas
|
|
|
Batting: RHB Gerard Gordijn
|
0-0: Ground out 4-3 (Groundball, 4, EV 78.8 MPH)
|
|
Batting: RHB Wendell Sarkies
|
0-0: Ground out 6-3 (Groundball, 6, EV 78.8 MPH)
|
|
Batting: RHB Walter Fisher
|
0-0: Fly out, F9 (Flyball, 9D, EV 100.6 MPH)
|
| Bottom of the 1st over - 0 runs, 0 hits, 0 errors, 0 left on base; University of California 0 - University of Michigan 0 |
| TOP OF THE 2ND |
|
University of California Golden Bears batting - Pitching for University of Michigan Wolverines : LHP Justin Devine
|
|
Batting: SHB Nick Jansen
|
0-0: Ball 1-0: Ball 2-0: Called Strike 2-1: Called Strike 2-2: Strikes out looking
|
|
Batting: RHB Mike Wilson
|
0-0: Called Strike 0-1: Ball 1-1: Swinging Strike 1-2: Foul Ball, location: 2F 1-2: Foul Ball, location: 2F 1-2: Foul Ball, location: 2F 1-2: Ball 2-2: Strikes out swinging
|
|
Batting: RHB Juan Debayle
|
0-0: Foul Ball, location: 2F 0-1: Ball 1-1: Foul Ball, location: 2F 1-2: Ball 2-2: Foul Ball, location: 2F 2-2: Ball 3-2: Ground out U3 (Groundball, 34, EV 90.0 MPH)
|
| Top of the 2nd over - 0 runs, 0 hits, 0 errors, 0 left on base; University of California 0 - University of Michigan 0 |
| BOTTOM OF THE 2ND |
|
University of Michigan Wolverines batting - Pitching for University of California Golden Bears : RHP Frank Salinas
|
|
Batting: RHB Mike Harden
|
0-0: Called Strike 0-1: Fly out, F9 (Line Drive, 89M, EV 105.0 MPH)
|
|
Batting: RHB Chris Williamson
|
0-0: Ball 1-0: Swinging Strike 1-1: Foul Ball, location: 2F 1-2: Ball 2-2: DOUBLE (Groundball, 5L, EV 101.2 MPH)
|
|
Batting: RHB Remie Braakman
|
0-0: Ball 1-0: Foul Ball, location: 2F 1-1: Foul Ball, location: 2F 1-2: Ball 2-2: Strikes out swinging
|
|
Batting: RHB Cesar Rubio
|
0-0: Ball 1-0: Reached on error, E6 (Groundball, 6M, EV 80.0 MPH) Chris Williamson scores
|
|
Batting: LHB Murdock Cranton
|
0-0: Ball 1-0: Called Strike 1-1: Swinging Strike 1-2: 2-RUN HOME RUN (Flyball, 89XD, EV 101.9 MPH), Distance : 414 ft
|
|
Batting: RHB Mario Cruz
|
0-0: Ball 1-0: Swinging Strike 1-1: Swinging Strike 1-2: Hit by Pitch
|
|
Batting: RHB Gerard Gordijn
|
0-0: Called Strike 0-1: Foul Ball, location: 2F 0-2: Ground out 4-3 (Groundball, 4, EV 82.5 MPH)
|
| Bottom of the 2nd over - 3 runs, 2 hits, 1 error, 1 left on base; University of California 0 - University of Michigan 3 |
| TOP OF THE 3RD |
|
University of California Golden Bears batting - Pitching for University of Michigan Wolverines : LHP Justin Devine
|
|
Batting: RHB Jake Ralston
|
0-0: Ball 1-0: Ball 2-0: Foul Ball, location: 2F 2-1: Called Strike 2-2: Foul Ball, location: 2F 2-2: Strikes out looking
|
|
Batting: LHB Jonathan Sosa
|
0-0: Swinging Strike 0-1: Ball 1-1: Fly out, F3 (Line Drive, 3L, EV 67.5 MPH)
|
|
Batting: LHB Luis Orellana
|
0-0: Ball 1-0: Ball 2-0: Called Strike 2-1: Foul Ball, location: 2F 2-2: Foul Ball, location: 2F 2-2: Foul Ball, location: 2F 2-2: Foul Ball, location: 2F 2-2: Foul Ball, location: 2F 2-2: SOLO HOME RUN (Flyball, 9LD, EV 88.8 MPH), Distance : 337 ft
|
|
Batting: LHB Mario Molina
|
0-0: Called Strike 0-1: Ball 1-1: Ball 2-1: Foul Ball, location: 2F 2-2: Foul Ball, location: 2F 2-2: Strikes out swinging
|
| Top of the 3rd over - 1 run, 1 hit, 0 errors, 0 left on base; University of California 1 - University of Michigan 3 |
| BOTTOM OF THE 3RD |
|
University of Michigan Wolverines batting - Pitching for University of California Golden Bears : RHP Frank Salinas
|
|
Batting: RHB Wendell Sarkies
|
0-0: Ball 1-0: Foul Ball, location: 2F 1-1: Ball 2-1: Foul Ball, location: 2F 2-2: SOLO HOME RUN (Flyball, 7D, EV 98.1 MPH), Distance : 401 ft
|
|
Batting: RHB Walter Fisher
|
0-0: Ball 1-0: DOUBLE (Flyball, 9LD, EV 108.8 MPH)
|
|
Batting: RHB Mike Harden
|
0-0: Swinging Strike 0-1: SINGLE (Line Drive, 8LS, EV 111.2 MPH) Walter Fisher to third
|
|
Batting: RHB Chris Williamson
|
0-0: Ball 1-0: Ball 2-0: Called Strike 2-1: Ball 3-1: Base on Balls Mike Harden to second
|
|
Batting: RHB Remie Braakman
|
0-0: Called Strike 0-1: Ball 1-1: Ball 2-1: Foul Ball, location: 2F 2-2: Ball 3-2: Strikes out looking
|
|
Batting: RHB Cesar Rubio
|
0-0: Swinging Strike 0-1: Ball 1-1: Ground out 6-3 (Groundball, 6MS, EV 75.6 MPH) Walter Fisher scores Mike Harden to third Chris Williamson to second
|
|
Pitching: RHP Luis Rojas
|
|
|
Batting: LHB Murdock Cranton
|
0-0: Called Strike 0-1: Called Strike 0-2: Foul Ball, location: 2F 0-2: Ball 1-2: SINGLE (Line Drive, 9S, EV 98.8 MPH) Mike Harden scores Chris Williamson to third Runner from 3rd tries for Home, SAFE, throw by RF to home Murdock Cranton to second
|
|
Batting: RHB Mario Cruz
|
0-0: Ball Wild Pitch! Murdock Cranton to third 1-0: Foul Ball, location: 2F 1-1: 2-RUN HOME RUN (Flyball, 7D, EV 101.9 MPH), Distance : 410 ft
|
|
Batting: RHB Gerard Gordijn
|
0-0: Swinging Strike 0-1: Ball 1-1: Foul Ball, location: 2F 1-2: Ball 2-2: Ball 3-2: Ground out U3 (Groundball, 3, EV 91.2 MPH)
|
| Bottom of the 3rd over - 6 runs, 5 hits, 0 errors, 0 left on base; University of California 1 - University of Michigan 9 |
| TOP OF THE 4TH |
|
University of California Golden Bears batting - Pitching for University of Michigan Wolverines : LHP Justin Devine
|
|
Batting: RHB Nate Mahon
|
0-0: Ball 1-0: Called Strike 1-1: Fly out, F7 (Flyball, 7, EV 87.5 MPH)
|
|
Batting: LHB Carlos Gaona
|
0-0: Called Strike 0-1: Ball 1-1: Ground out U3 (Groundball, 13, EV 92.5 MPH)
|
|
Batting: SHB Nick Jansen
|
0-0: Called Strike 0-1: Called Strike 0-2: Ground out 6-3 (Groundball, 56D, EV 81.9 MPH)
|
| Top of the 4th over - 0 runs, 0 hits, 0 errors, 0 left on base; University of California 1 - University of Michigan 9 |
| BOTTOM OF THE 4TH |
|
University of Michigan Wolverines batting - Pitching for University of California Golden Bears : RHP Luis Rojas
|
|
Batting: RHB Wendell Sarkies
|
0-0: Ball 1-0: Ball 2-0: Ball 3-0: Base on Balls
|
|
Pinch Hitting: LHB Lance Sabo
|
0-0: Fly out, F8 (Flyball, 8RM, EV 78.1 MPH)
|
|
Batting: SHB Phillip Blake
|
0-0: Called Strike 0-1: Ball 1-1: Ball 2-1: Called Strike 2-2: Ball 3-2: Base on Balls Wendell Sarkies to second
|
|
Batting: RHB Chris Williamson
|
0-0: SINGLE (Line Drive, 4M, EV 100.0 MPH) Wendell Sarkies to third Phillip Blake to second
|
|
Batting: RHB Remie Braakman
|
0-0: Ball 1-0: Swinging Strike 1-1: Swinging Strike 1-2: Strikes out swinging
|
|
Pinch Hitting: RHB Angus Shanahan
|
0-0: Fly out, F8 (Flyball, 78D, EV 105.0 MPH)
|
| Bottom of the 4th over - 0 runs, 1 hit, 0 errors, 3 left on base; University of California 1 - University of Michigan 9 |
| TOP OF THE 5TH |
|
University of California Golden Bears batting - Pitching for University of Michigan Wolverines : LHP Justin Devine
|
|
Pitching: LHP Kunikazu Ishida
|
|
|
Now at 2B: Elvis Hoying
|
|
|
Now at 3B: Angus Shanahan
|
|
|
Now in LF: Lance Sabo
|
|
|
Batting: RHB Mike Wilson
|
0-0: SINGLE (Groundball, 56S, EV 73.1 MPH) (infield hit)
|
|
Batting: RHB Juan Debayle
|
0-0: Ball 1-0: Called Strike 1-1: Swinging Strike 1-2: Fielders Choice at 2nd, 1-6 (Groundball, 13S, EV 67.5 MPH)
|
|
Batting: RHB Jake Ralston
|
0-0: Fly out, F9 (Flyball, 9D, EV 101.2 MPH)
|
|
Batting: LHB Jonathan Sosa
|
0-0: Ball 1-0: Ball 2-0: Ball 3-0: Called Strike 3-1: Called Strike 3-2: Foul Ball, location: 2F 3-2: Strikes out swinging
|
| Top of the 5th over - 0 runs, 1 hit, 0 errors, 1 left on base; University of California 1 - University of Michigan 9 |
| BOTTOM OF THE 5TH |
|
University of Michigan Wolverines batting - Pitching for University of California Golden Bears : RHP Luis Rojas
|
|
Pitching: RHP Luis Lopez
|
|
|
Batting: LHB Murdock Cranton
|
0-0: Called Strike 0-1: Swinging Strike 0-2: SINGLE (Line Drive, 6MD, EV 108.1 MPH)
|
|
Batting: SHB Elvis Hoying
|
0-0: Ball 1-0: Called Strike 1-1: Ball 2-1: Foul Ball, location: 2F 2-2: Strikes out swinging
|
|
Batting: RHB Gerard Gordijn
|
0-0: Ball 1-0: Foul Ball, location: 2F 1-1: Foul Ball, location: 2F 1-2: Ball 2-2: Foul Ball, location: 2F 2-2: Ball 3-2: Fielders Choice at 2nd, 5-4 (Groundball, 56, EV 78.1 MPH)
|
|
Batting: RHB Wendell Sarkies
|
0-0: Called Strike 0-1: Foul Ball, location: 2F 0-2: Ball 1-2: Ball 2-2: Ball 3-2: Strikes out swinging
|
| Bottom of the 5th over - 0 runs, 1 hit, 0 errors, 1 left on base; University of California 1 - University of Michigan 9 |
| TOP OF THE 6TH |
|
University of California Golden Bears batting - Pitching for University of Michigan Wolverines : LHP Kunikazu Ishida
|
|
Now at C: Allan Dunn
|
|
|
Batting: LHB Luis Orellana
|
0-0: Ground out 4-3 (Groundball, 4, EV 88.8 MPH)
|
|
Batting: LHB Mario Molina
|
0-0: Fly out, F8 (Flyball, 8LD, EV 85.6 MPH)
|
|
Batting: RHB Nate Mahon
|
0-0: Called Strike 0-1: Ball 1-1: Called Strike 1-2: Fly out, F2 (Popup, 15S, EV 81.2 MPH)
|
| Top of the 6th over - 0 runs, 0 hits, 0 errors, 0 left on base; University of California 1 - University of Michigan 9 |
| BOTTOM OF THE 6TH |
|
University of Michigan Wolverines batting - Pitching for University of California Golden Bears : RHP Luis Lopez
|
|
Batting: LHB Lance Sabo
|
0-0: Ball 1-0: Ball 2-0: Called Strike 2-1: Ground out 6-3 (Groundball, 6, EV 80.0 MPH)
|
|
Batting: SHB Phillip Blake
|
0-0: Ball 1-0: Ball 2-0: Ball 3-0: Called Strike 3-1: Base on Balls
|
|
Pitching: LHP Adam Gavel
|
|
|
Batting: RHB Allan Dunn
|
0-0: Called Strike 0-1: Ball 1-1: Called Strike 1-2: Ball 2-2: Strikes out swinging
|
|
Batting: RHB Remie Braakman
|
0-0: Ball 1-0: Foul Ball, location: 2F 1-1: Ball 2-1: Foul Ball, location: 2F 2-2: Ground out 5-3 (Groundball, 5S, EV 68.1 MPH)
|
| Bottom of the 6th over - 0 runs, 0 hits, 0 errors, 1 left on base; University of California 1 - University of Michigan 9 |
| TOP OF THE 7TH |
|
University of California Golden Bears batting - Pitching for University of Michigan Wolverines : LHP Kunikazu Ishida
|
|
Pitching: RHP Orlando Huizar
|
|
|
Batting: LHB Carlos Gaona
|
0-0: Ball 1-0: Ball 2-0: Foul Ball, location: 2F 2-1: Called Strike 2-2: TRIPLE (Line Drive, 8LXD, EV 100.0 MPH)
|
|
Batting: RHB Jason Béllanger
|
0-0: Ball 1-0: Ball 2-0: Ball 3-0: Base on Balls
|
|
Batting: RHB Mike Wilson
|
0-0: Ball 1-0: Ball 2-0: Called Strike 2-1: Foul Ball, location: 2F 2-2: Foul Ball, location: 2F 2-2: Ball 3-2: Fly out, F6 (Popup, 6, EV 71.2 MPH)
|
|
Batting: RHB Juan Debayle
|
0-0: Called Strike 0-1: Called Strike 0-2: Ball 1-2: Ball 2-2: Fly out, F8 (Flyball, 8RS, EV 92.5 MPH)
|
|
Batting: RHB Jake Ralston
|
0-0: Ground out U3 (Groundball, 3, EV 90.6 MPH)
|
| Top of the 7th over - 0 runs, 1 hit, 0 errors, 2 left on base; University of California 1 - University of Michigan 9 |
| BOTTOM OF THE 7TH |
|
University of Michigan Wolverines batting - Pitching for University of California Golden Bears : LHP Adam Gavel
|
|
Pitching: RHP Howie Abrams
|
|
|
Batting: RHB Angus Shanahan
|
0-0: Swinging Strike 0-1: Fly out, F7 (Flyball, 7D, EV 98.1 MPH)
|
|
Batting: LHB Murdock Cranton
|
0-0: Foul Ball, location: 2F 0-1: Called Strike 0-2: Strikes out swinging
|
|
Batting: SHB Elvis Hoying
|
0-0: Called Strike 0-1: Foul Ball, location: 2F 0-2: Ground out 5-3 (Groundball, 56, EV 100.6 MPH)
|
| Bottom of the 7th over - 0 runs, 0 hits, 0 errors, 0 left on base; University of California 1 - University of Michigan 9 |
| TOP OF THE 8TH |
|
University of California Golden Bears batting - Pitching for University of Michigan Wolverines : RHP Orlando Huizar
|
|
Batting: LHB Jonathan Sosa
|
0-0: Called Strike 0-1: Ball 1-1: Swinging Strike 1-2: Strikes out swinging
|
|
Batting: LHB Luis Orellana
|
0-0: Called Strike 0-1: Ball 1-1: SINGLE (Line Drive, 89S, EV 106.9 MPH)
|
|
Pitching: LHP Danny Warner
|
|
|
Batting: LHB Mario Molina
|
0-0: Fly out, F7 (Flyball, 7LS, EV 87.5 MPH)
|
|
Batting: RHB Nate Mahon
|
0-0: Ball 1-0: Ball 2-0: Ball 3-0: Called Strike 3-1: Ground out 5-3 (Groundball, 5S, EV 72.5 MPH)
|
| Top of the 8th over - 0 runs, 1 hit, 0 errors, 1 left on base; University of California 1 - University of Michigan 9 |
| BOTTOM OF THE 8TH |
|
University of Michigan Wolverines batting - Pitching for University of California Golden Bears : RHP Howie Abrams
|
|
Batting: RHB Gerard Gordijn
|
0-0: Fly out, F6 (Popup, 56, EV 79.4 MPH)
|
|
Batting: RHB Wendell Sarkies
|
0-0: Called Strike 0-1: Ball 1-1: Swinging Strike 1-2: Foul Ball, location: 2F 1-2: Strikes out swinging
|
|
Batting: LHB Lance Sabo
|
0-0: Ball 1-0: Ball 2-0: Called Strike 2-1: Ball 3-1: Hit by Pitch
|
|
Batting: RHB Quirino Portel
|
0-0: Called Strike 0-1: Swinging Strike 0-2: Ball 1-2: Ball 2-2: Foul Ball, location: 2F 2-2: SINGLE (Groundball, P, EV 85.0 MPH) (infield hit) Lance Sabo to second
|
|
Pitching: LHP Dave Coleman
|
|
|
Batting: RHB Allan Dunn
|
0-0: Ball 1-0: Ball 2-0: Foul Ball, location: 2F 2-1: Foul Ball, location: 2F 2-2: Ball 3-2: Strikes out looking
|
| Bottom of the 8th over - 0 runs, 1 hit, 0 errors, 2 left on base; University of California 1 - University of Michigan 9 |
| TOP OF THE 9TH |
|
University of California Golden Bears batting - Pitching for University of Michigan Wolverines : LHP Danny Warner
|
|
Pitching: RHP Dave Bressler
|
|
|
Batting: LHB Carlos Gaona
|
0-0: Ball 1-0: Ball 2-0: Ball 3-0: Swinging Strike 3-1: Foul Ball, location: 2F 3-2: Strikes out swinging
|
|
Batting: RHB Jason Béllanger
|
0-0: Ball 1-0: Ball 2-0: Called Strike 2-1: Foul Ball, location: 2F 2-2: DOUBLE (Flyball, 89D, EV 109.4 MPH)
|
|
Batting: RHB Mike Wilson
|
0-0: 2-RUN HOME RUN (Flyball, 7D, EV 105.0 MPH), Distance : 409 ft
|
|
Batting: RHB Juan Debayle
|
0-0: Ball 1-0: Ball 2-0: Called Strike 2-1: Swinging Strike 2-2: Foul Ball, location: 2F 2-2: Foul Ball, location: 2F 2-2: Ball 3-2: Foul Ball, location: 2F 3-2: Base on Balls
|
|
Pitching: LHP Lindsay Adams
|
|
|
Batting: RHB Jake Ralston
|
0-0: Ball 1-0: Called Strike 1-1: Foul Ball, location: 2F 1-2: Ball 2-2: Strikes out swinging
|
|
Pinch Hitting: RHB Marcos Zamora
|
0-0: Ball 1-0: Swinging Strike 1-1: Ball 2-1: Swinging Strike 2-2: Foul Ball, location: 2F 2-2: Ball 3-2: Foul Ball, location: 2F 3-2: Ground out 6-3 (Groundball, 6, EV 105.6 MPH)
|
| Top of the 9th over - 2 runs, 2 hits, 0 errors, 1 left on base; University of California 3 - University of Michigan 9 |
|